 Dungeon Crawl Stone Soup version 0.25-a0-290-g4a1327ee3a (webtiles) character file.

Game seed: 14578634274691869595, levelgen mode: deterministic

56 night the Firebug (level 3, -2/24 HPs)
             Began as a Demonspawn Fire Elementalist on Dec 14, 2019.
             Slain by a gnoll
             ... wielding a +0 whip
              (4 damage)
             ... on level 2 of the Dungeon.
             The game lasted 00:03:57 (1732 turns).

night the Firebug (Demonspawn Fire Elementalist)    Turns: 1732, Time: 00:03:58

Health: -2/24      AC:  4    Str: 12    XL:     3   Next: 71%
Magic:  4/7        EV: 12    Int: 17    God:
Gold:   23         SH:  0    Dex: 13    Spells: 6/7 levels left

rFire    . . .     SeeInvis .   d - +0 short sword
rCold    . . .     Gourm    .   (no shield)
rNeg     . . .     Faith    .   l - +0 robe (curse)
rPois    .         Spirit   .   (no helmet)
rElec    .         Reflect  .   (no cloak)
rCorr    .         Harm     .   (no gloves)
MR       .....                  (no boots)
Stlth    ++........             (no amulet)
HPRegen  0.08/turn              f - +4 ring of strength
MPRegen  0.10/turn              (no ring)

@: very slightly contaminated
A: icy blue scales 1
a: no special abilities


You were on level 2 of the Dungeon.
You were not hungry.

You visited 1 branch of the dungeon, and saw 2 of its levels.

You collected 23 gold pieces.

Inventory:

Hand Weapons
 d - a +0 short sword (weapon)
 k - a +0 hunting sling
Missiles
 e - 88 stones (quivered)
 i - 86 arrows
Armour
 l - a cursed +0 robe (worn)
Jewellery
 f - a +4 ring of strength (left hand)
Scrolls
 b - a scroll of noise {unknown}
 h - 4 scrolls of remove curse {unknown}
 j - a scroll of teleportation {unknown}
 m - a scroll of fog {unknown}
Potions
 g - a potion of mutation {unknown}
 n - 2 potions of heal wounds {unknown}
Comestibles
 c - 3 rations


   Skills:
 - Level 1.7 Dodging
 - Level 1.7 Stealth
 + Level 2.7 Spellcasting
 + Level 2.2 Conjurations
 + Level 3.3 Fire Magic


You had 6 spell levels left.
You knew the following spells:

 Your Spells              Type           Power        Failure   Level  Hunger
a - Foxfire               Conj/Fire      ##..         6%          1    #......

Your spell library contained the following spells:

 Spells                   Type           Power        Failure   Level  Hunger
 Conjure Flame            Conj/Fire      ##......     17%         3    ###....
 Inner Flame              Hex/Fire       #.......     28%         3    ###....
 Sticky Flame             Conj/Fire      ##......     50%         4    #####..
 Fireball                 Conj/Fire      ##........   85%         5    ######.


Dungeon Overview and Level Annotations

Branches:
Dungeon (2/15)

Altars:
Makhleb
Okawaru
Sif Muna
Xom
The Shining One


Innate Abilities, Weirdness & Mutations

You are partially covered in icy blue scales. (AC +2)


Message History

The foxfire hits the gnoll.
The gnoll is lightly wounded.
The foxfire hits the gnoll.
The gnoll is heavily wounded.
The gnoll hits you with a +0 whip!
Casting: Foxfire (safe; 6% risk of failure)
Confirm with . or Enter, or press ? or * to list all spells.
You miscast Foxfire.
Nothing appears to happen.
The gnoll hits you with a +0 whip!
* * * LOW HITPOINT WARNING * * *
Casting: Foxfire (safe; 6% risk of failure)
Confirm with . or Enter, or press ? or * to list all spells.
You conjure some foxfire!
The gnoll hits you with a +0 whip.
* * * LOW HITPOINT WARNING * * *
The foxfire hits the gnoll.
The gnoll is heavily wounded.
The foxfire hits the gnoll.
The gnoll is almost dead.
The gnoll hits you with a +0 whip.
You die...

.......[.##.......#)#####
.#######..####.>....# .#
###_._###.._####.#### #.###
.##...##..### #...# .....
.........## #...# #..g##
###...#### #...# ##.l...#
..##_######## #...# ###......#
#.####......###...######†#......#
#.###..###......@g......#..#
#......#............#..###.#
)........#......)......|#....
...##.#####.###...######.#.#...
##.##... ...##...... #.#.#.#.#
##.###########....#.# # #.. # #
#.# #....#.# ... ##.# #..... .
... ...#


You could see a gnoll.

Vanquished Creatures
  2 adders (D:2)
  A gnoll (D:2)
  A dart slug (D:1)
  2 giant cockroaches (D:1)
  3 goblins (D:1)
  2 hobgoblins (D:1)
  4 jackals
  2 kobolds (D:1)
  4 bats (D:1)
  4 frilled lizards
  2 rats
27 creatures vanquished.

Vanquished Creatures (others)
  45 foxfires
45 creatures vanquished.

Grand Total: 72 creatures vanquished

Notes
Turn   | Place    | Note
-------+----------+-------------------------------------------
     0 | D:1      | night the Demonspawn Fire Elementalist began the quest for
                  | the Orb.
     0 | D:1      | Reached XP level 1. HP: 13/13 MP: 3/3
   470 | D:1      | Gained mutation: You are partially covered in icy blue
                  | scales. (AC +2) [demonic ancestry]
   470 | D:1      | Reached XP level 2. HP: 17/19 MP: 0/5
   798 | D:1      | Reached skill level 3 in Fire Magic
  1351 | D:2      | Reached XP level 3. HP: 24/24 MP: 3/6
  1658 | D:2      | Found a shimmering altar of Xom.
  1658 | D:2      | Found an iron altar of Okawaru.
  1664 | D:2      | Found a burning altar of Makhleb.
  1667 | D:2      | Found a glowing golden altar of the Shining One.
  1669 | D:2      | Found a shimmering blue altar of Sif Muna.
  1732 | D:2      | Slain by a gnoll

Levels and vault maps discovered:
D:1:      dpeg_arrival_tiny_d, layout_loops_ring
D:2:      layout_loops_cross, chequers_temple_overflow_minitemple,
          old_standard_altar

Skill      XL: |  1  2 |
---------------+-------+-----
Fire Magic     | 3 |  3.3
Conjurations   | 2 |  2.2
Dodging        | |  1.7
Stealth        | |  1.7
Spellcasting   | |  2.7

Action                   || total
-------------------------++-------
Melee: Short sword       ||    47
Throw: Stone             ||     1
 Cast: Foxfire           ||    31
 Stab: Sleeping          ||     1
  Eat: Chunk             ||     3
Armor: Robe              ||    24
Dodge: Dodged            ||    69

Table legend:
 A = Non-vault XP
 B = Vault XP
 C = Vault XP percentage of total XP
 D = Non-vault monster count
 E = Vault monster count
 F = Vault count percentage of total count
                 A         B        C        D         E       F
            +---------+---------+-------+---------+---------+-------
      Total |      81 |       0 |   0.0 |      27 |       0 |   0.0
            +---------+---------+-------+---------+---------+-------
        D:1 |      37 |       0 |   0.0 |      20 |       0 |   0.0
        D:2 |      44 |       0 |   0.0 |       7 |       0 |   0.0
            +---------+---------+-------+---------+---------+-------
